 Dungeon Crawl Stone Soup version 0.26-a0-695-g987792ac36 (webtiles) character file.

Game seed: 15809867245397570924

62 avis the Chucker (level 4, 0/45 HPs)
             Began as an Ogre Hunter on Oct 26, 2020.
             Succumbed to an adder's poison
             ... on level 2 of the Dungeon.
             The game lasted 00:08:09 (2592 turns).

avis the Chucker (Ogre Hunter)                      Turns: 2592, Time: 00:08:09

Health: 0/45       AC:  3    Str: 17    XL:     4   Next: 8%
Magic:  13/13      EV: 10    Int: 12    God:
Gold:   152        SH:  0    Dex:  9    Spells: 3/3 levels left

rFire    . . .     SeeInvis .   a - +0 club
rCold    . . .     Faith    .   (no shield)
rNeg     . . .     Spirit   .   b - +0 robe
rPois    .         Reflect  .   (helmet restricted)
rElec    .         Harm     .   (no cloak)
rCorr    .         Rampage  .   (gloves unavailable)
MR       .....                  (boots unavailable)
Stlth    +.........             (no amulet)
HPRegen  0.15/turn              j - ring of magical power
MPRegen  0.13/turn              (no ring)

@: lethally poisoned (0 -> -2)
A: large, unfitting armour, tough skin 1
a: no special abilities


You were on level 2 of the Dungeon.
You visited 1 branch of the dungeon, and saw 2 of its levels.

You collected 152 gold pieces.

Inventory:

Hand Weapons
 a - a +0 club (weapon)
Missiles
 c - 5 large rocks
 d - 2 throwing nets (quivered)
 f - 138 stones
 g - 37 arrows
Armour
 b - a +0 robe (worn)
Jewellery
 j - a ring of magical power (left hand)
Scrolls
 e - 4 scrolls of identify
Potions
 h - a potion of might


   Skills:
 - Level 3.0 Fighting
 * Level 3.1 Maces & Flails
 - Level 4.0 Throwing
 - Level 1.7 Dodging
 - Level 0.6 Stealth


You had 3 spell levels left.
You didn't know any spells.
Your spell library was empty.

Dungeon Overview and Level Annotations

Branches:
Dungeon (2/15)

Altars:


Innate Abilities, Weirdness & Mutations

You are too large for most types of armour.
You have tough skin. (AC +1)


Message History

You feel sick.
Okay, then.
There is a lethal amount of poison in your body!
Okay, then.
Things that are here:
a large rock; an adder corpse Unknown command.
c - 2 large rocks (gained 1)
* * * LOW HITPOINT WARNING * * *
You feel sick.
* * * LOW HITPOINT WARNING * * *
You feel sick.
Things that are here:
3 large rocks; 2 throwing nets
c - 5 large rocks (gained 3);
d - 2 throwing nets
* * * LOW HITPOINT WARNING * * *
You feel sick.
* * * LOW HITPOINT WARNING * * *
You feel sick.
You die...

..................
..#######>..............
#)...<#.....##.##.......
........................
........#########.......
..###....##.†<.........(
...#........#####.......
.....#.....>............
................@.......
...###........##.=......
... #.##8..8###........
## #.##....8###.......
#.###..### .......
###...... .......
###..### ....... ....
.......


There were no monsters in sight!

Vanquished Creatures
  An adder (D:2)
  An ooze (D:1)
  A dart slug (D:1)
  2 leopard geckos (D:2)
  2 giant cockroaches (D:1)
  5 goblins (D:1)
  4 hobgoblins
  8 jackals
  5 kobolds
  3 bats
  3 frilled lizards (D:1)
  7 rats (D:1)
42 creatures vanquished.

Notes
Turn   | Place    | Note
-------+----------+-------------------------------------------
     0 | D:1      | avis the Ogre Hunter began the quest for the Orb.
     0 | D:1      | Reached XP level 1. HP: 22/22 MP: 1/1
   297 | D:1      | Reached skill level 1 in Maces & Flails
   373 | D:1      | Reached XP level 2. HP: 20/31 MP: 2/2
  1132 | D:1      | Reached XP level 3. HP: 27/37 MP: 3/3
  2582 | D:2      | Reached XP level 4. HP: 4/45 MP: 4/4
  2585 | D:2      | HP: 2/45 [poisoned by an adder]
  2592 | D:2      | Succumbed to an adder's poison

Illustrated notes

Levels and vault maps discovered:
D:1:      lightli_arrival_quake, layout_basic
D:2:      layout_rooms, minitemple

Skill      XL: |  1  2  3 |
---------------+----------+-----
Fighting       | 3 |  3.0
Maces & Flails | 1 2 3 |  3.1
Throwing       | |  4.0
Dodging        | |  1.7
Stealth        | |  0.6

Action                   |  1- 3 |  4- 6 || total
-------------------------+-------+-------++-------
Melee: Club              |   224 |       ||   224
       Short sword       |    13 |       ||    13
Throw: Large rock        |     9 |       ||     9
       Throwing net      |     3 |       ||     3
  Use: Scroll            |     4 |       ||     4
Armor: Robe              |    75 |       ||    75
Dodge: Dodged            |   156 |       ||   156

Table legend: (Time is in decaauts)
 A = Elapsed time spent in this place.
 B = Non-inter-level travel time spent in this place.
 C = Inter-level travel time spent in this place.
 D = Time resting spent in this place.
 E = Time spent auto-exploring this place.
 F = Levels seen in this place.
 G = Mean time per level.
                   A        B        C        D        E       F      G
               +--------+--------+--------+--------+--------+-----+--------+
         Total |   2645 |   2535 |    110 |   1060 |    814 |   2 | 1322.5 |
       Dungeon |   2645 |   2535 |    110 |   1060 |    814 |   2 | 1322.5 |
               +--------+--------+--------+--------+--------+-----+--------+

Top non-repeatable levels by time:
     D:1: 2479 daAuts
     D:2: 166 daAuts
